 Dungeon Crawl Stone Soup version 0.23-a0-128-g2d122ddfbf (webtiles) character file.

2535 Napalmbreeze the Fighter (level 9, -2/60 HPs)
             Began as a Gargoyle Gladiator on Aug 27, 2018.
             Slain by a wyvern (5 damage)
             ... on level 8 of the Dungeon.
             The game lasted 00:14:29 (7741 turns).

Napalmbreeze the Fighter (Gargoyle Gladiator)       Turns: 7741, Time: 00:14:30

Health: -2/60      AC: 17    Str: 17    XL:     9   Next: 55%
Magic:  9/9        EV: 13    Int: 10    God:
Gold:   347        SH:  0    Dex: 17    Spells: 8/8 levels left

rFire    . . .     SeeInvis .   a - +0 flail
rCold    . . .     Gourm    .   (no shield)
rNeg     + . .     Faith    .   v - +0 scale mail (curse)
rPois    ∞         Spirit   .   c - +0 helmet
rElec    +         Reflect  .   (no cloak)
rCorr    .         Harm     .   H - +0 pair of gloves {Dex+3}
MR       .....                  p - +0 pair of boots
Stlth    ..........             (no amulet)
HPRegen  0.20/turn              D - ring of flight
MPRegen  0.11/turn              (no ring)

@: no status effects
A: negative energy resistance 1, electricity resistance, unbreathing,
petrification resistance, rot immunity, AC +6
a: Evoke Flight


You were on level 8 of the Dungeon.
You were hungry.

You visited 2 branches of the dungeon, and saw 9 of its levels.

You collected 347 gold pieces.

Inventory:

Hand Weapons
 a - a +0 flail (weapon)
Missiles
 d - 4 throwing nets (quivered)
Armour
 c - a +0 helmet (worn)
 o - a +0 ring mail
 p - a +0 pair of boots (worn)
 v - a cursed +0 scale mail (worn)
 E - a +0 pair of gloves
 H - a +0 pair of gloves of dexterity (worn)
Jewellery
 D - a ring of flight (left hand)
Wands
 r - a wand of iceblast (6)
 x - a wand of paralysis (11)
 y - a wand of acid (8)
 A - a wand of flame (62)
Scrolls
 b - 2 scrolls of magic mapping {unknown}
 g - 3 scrolls of remove curse {unknown}
 h - 2 scrolls of amnesia {unknown}
 k - 2 scrolls of enchant armour {unknown}
 l - 2 scrolls of immolation {unknown}
 m - a scroll of fear {unknown}
 n - a scroll of noise {unknown}
 s - 4 scrolls of identify {unknown}
 t - 2 scrolls of teleportation {unknown}
 w - 3 scrolls of blinking {unknown}
 C - a scroll of enchant weapon {unknown}
 F - a scroll of random uselessness {unknown}
Potions
 e - 2 potions of invisibility
 i - 2 potions of might {unknown}
 j - 3 potions of haste
 q - 5 potions of curing {unknown}
 u - 3 potions of magic {unknown}
 z - a potion of berserk rage {unknown}
 B - 2 potions of flight {unknown}
Comestibles
 f - 7 rations


   Skills:
 * Level 9.1 Fighting
 + Level 6.3 Maces & Flails
 - Level 1.7 Throwing
 + Level 6.0 Armour
 + Level 5.2 Dodging


You had 8 spell levels left.
You didn't know any spells.
Your spell library contained the following spells:

 Spells                   Type           Power        Failure   Level  Hunger
 Confusing Touch          Hex            #.....       75%         1    ##.....
 Confuse                  Hex            #.......     98%         3    ####...
 Gell's Gravitas          Tloc           #.........   98%         3    ####...
 Petrify                  Tmut/Erth      #.......     100%        4    #####..
 Metabolic Englaciation   Hex/Ice        #.........   100%        5    ######.
 Yara's Violent Unravell  Hex/Tmut       #.........   100%        5    ######.


Dungeon Overview and Level Annotations

Branches:
Dungeon (8/15)             Temple (1/1) D:5
   Lair: D:8-11

Altars:
Ashenzari
Cheibriados
Dithmenos
Elyvilon
Fedhas
Gozag
Hepliaklqana
Kikubaaqudgha
Makhleb
Qazlal
Ru
Sif Muna
Trog
Uskayaw
Vehumet
Wu Jian
Xom
Yredelemnul
Zin

Shops:
D:7 :

Annotations:
D:8 3 runed doors, Mirvelgyr's ghost, novice MiBe


Innate Abilities, Weirdness & Mutations

You are resistant to torment.
Your stone body is resilient. (AC +6)
You are immune to poison.
You resist negative energy. (rN+)
You are resistant to electric shocks. (rElec)
You can survive without breathing.
You are immune to petrification.
You are immune to rotting.


Message History

You sock the wyvern!
The wyvern is heavily wounded.
The wyvern bites you! The wyvern misses you.
The jelly hits you but does no damage.
You are too injured to fight recklessly!
You are too injured to fight recklessly!
You are too injured to fight recklessly!
You are too injured to fight recklessly!
You hit the wyvern but do no damage.
The wyvern is heavily wounded.
The wyvern bites you. The wyvern bites you!
* * * LOW HITPOINT WARNING * * *
The jelly hits you.
* * * LOW HITPOINT WARNING * * *
You are splashed with acid!
The acid burns!
* * * LOW HITPOINT WARNING * * *
You sock the wyvern!
The wyvern is severely wounded.
The wyvern bites you.
You die...

#..#.......########.#
#. #.######.......#
#.....######.#
#.####.....#
#.#...####.#
#.#.##...# #.#.#[##.#
.#.#?)l#J# . .##(#@#
. ...##)# ### ..#
####


You could see a wyvern and a jelly.

Vanquished Creatures
  A hungry ghost (D:7)
  Menkaure (D:7)
  An orc warrior (D:5)
  A phantom (D:6)
  2 ice beasts
  A black bear (D:7)
  A necrophage (D:6)
  4 ogres
  2 centaurs (D:8)
  3 bullfrogs (D:6)
  2 scorpions (D:4)
  3 crimson imps
  A bullfrog zombie (D:7)
  A hound (D:6)
  A quasit (D:8)
  6 orc priests
  A centaur skeleton (D:8)
  2 orc wizards
  4 iguanas
  5 worker ants
  A howler monkey zombie (D:5)
  8 adders
  6 gnolls
  A shadow imp (D:5)
  2 oozes
  An adder zombie (D:5)
  4 worms
  2 dart slugs (D:2)
  5 leopard geckos
  19 orcs
  2 bats (D:1)
  7 giant cockroaches
  6 goblins
  6 hobgoblins
  6 jackals
  9 kobolds
  3 quokkas
  2 ball pythons
  7 frilled lizards
  A leopard gecko zombie (D:6)
  11 rats
152 creatures vanquished.

Vanquished Creatures (others)
  A quokka (D:4)
1 creature vanquished.

Grand Total: 153 creatures vanquished

Notes
Turn   | Place    | Note
-------+----------+-------------------------------------------
     0 | D:1      | Napalmbreeze the Gargoyle Gladiator began the quest for the
                  | Orb.
     0 | D:1      | Reached XP level 1. HP: 12/12 MP: 1/1
    95 | D:1      | Reached XP level 2. HP: 16/18 MP: 2/2
   520 | D:1      | Reached skill level 1 in Armour
   520 | D:1      | Reached XP level 3. HP: 21/22 MP: 3/3
   712 | D:2      | Reached skill level 3 in Fighting
   789 | D:2      | Reached XP level 4. HP: 5/28 MP: 4/4
  1903 | D:3      | Noticed an ogre
  1909 | D:3      | Killed an ogre
  1909 | D:3      | Reached skill level 4 in Fighting
  1909 | D:3      | Reached XP level 5. HP: 11/34 MP: 5/5
  2237 | D:3      | Reached XP level 6. HP: 16/39 MP: 6/6
  3318 | D:4      | Reached skill level 5 in Fighting
  3340 | D:4      | Reached XP level 7. HP: 44/44 MP: 7/7
  3949 | D:4      | Found a white marble altar of Elyvilon.
  4036 | D:4      | Reached skill level 6 in Fighting
  4294 | D:5      | Entered Level 5 of the Dungeon
  4322 | D:5      | Found an opulent altar of Gozag.
  4642 | D:5      | Noticed a moth of wrath
  4645 | D:5      | Found a bloodstained altar of Trog.
  4834 | D:5      | Reached XP level 8. HP: 34/52 MP: 8/8
  5005 | D:5      | Reached skill level 5 in Maces & Flails
  5049 | D:5      | Found a staircase to the Ecumenical Temple.
  5058 | Temple   | Entered the Ecumenical Temple
  5887 | D:6      | Reached skill level 7 in Fighting
  6313 | D:6      | Reached skill level 5 in Armour
  6602 | D:6      | Reached skill level 8 in Fighting
  6635 | D:6      | Reached XP level 9. HP: 56/59 MP: 9/9
  6896 | D:7      | Noticed Menkaure
  6906 | D:7      | Killed Menkaure
  7065 | D:7      | Found a shadowy altar of Dithmenos.
  7144 | D:7      | Reached skill level 5 in Dodging
  7193 | D:7      | Found Redep's Book Boutique.
  7285 | D:7      | Found a stormy altar of Qazlal.
  7367 | D:7      | Found a radiant altar of Vehumet.
  7657 | D:8      | Found a runed gate.
  7679 | D:8      | Reached skill level 9 in Fighting
  7680 | D:8      | Found an opulent altar of Gozag.
  7680 | D:8      | Noticed a seven-headed hydra
  7680 | D:8      | Noticed Mirvelgyr's ghost (novice MiBe)
  7681 | D:8      | Found a runed gate.
  7681 | D:8      | Found a runed gate.
  7740 | D:8      | HP: 3/60 [acid (11)]
  7741 | D:8      | Slain by a wyvern

Vault maps used:
D:1:      dpeg_arrival_boxorama, minmay_misc_feat_diagonals
D:2:      hex_large
D:3:      first_ration, minmay_misc_feat_square, serial_bayou_pond_e
D:4:      elyvilon_altar_4
D:5:      tgw_trog, nicolae_gozag_cash_rules_everything_around_me,
          minmay_temple_entry_statues_pillars, grunt_ministairs_8
D:7:      vehumet_altar_wand_db, grunt_dithmenos_smoke,
          overflow_temple_1_default, serial_shops, kennysheep_mini,
          uniq_menkaure
D:8:      minmay_distorted_concentric_squares, okawaru_metal_pillars_1_2,
          ebering_ghost_gozag, uniq_pikel
Temple:   minmay_temple_curvy_branch

Skill      XL: |  1  2  3  4  5  6  7  8  9 |
---------------+----------------------------+-----
Armour         | 1 2 3 4 5 6 |  6.0
Fighting       | 3 4 5 6 8 9 |  9.1
Dodging        | 3 4 5 |  5.2
Maces & Flails | 4 5 6 |  6.3
Throwing       | |  1.7

Action                   |  1- 3 |  4- 6 |  7- 9 || total
-------------------------+-------+-------+-------++-------
Melee: Flail             |    94 |   206 |   479 ||   779
  Use: Potion            |     2 |       |       ||     2
 Stab: Invisible         |     4 |       |       ||     4
  Eat: Chunk             |       |     7 |     2 ||     9
       Ration            |       |     1 |     4 ||     5
Armor: Leather armour    |    42 |    41 |       ||    83
       Ring mail         |       |    53 |    50 ||   103
       Scale mail        |       |       |   247 ||   247
Dodge: Dodged            |    65 |   136 |   366 ||   567

Table legend:
 A = Non-vault XP
 B = Vault XP
 C = Vault XP percentage of total XP
 D = Non-vault monster count
 E = Vault monster count
 F = Vault count percentage of total count
                 A         B        C        D         E       F
            +---------+---------+-------+---------+---------+-------
      Total |    3220 |     402 |  11.1 |     141 |      11 |   7.2
            +---------+---------+-------+---------+---------+-------
        D:1 |      37 |       0 |   0.0 |      20 |       0 |   0.0
        D:2 |     121 |       0 |   0.0 |      29 |       0 |   0.0
        D:3 |     381 |       0 |   0.0 |      20 |       0 |   0.0
        D:4 |     512 |       0 |   0.0 |      18 |       0 |   0.0
        D:5 |     484 |      53 |   9.9 |      16 |       6 |  27.3
        D:6 |     878 |       0 |   0.0 |      24 |       0 |   0.0
        D:7 |     603 |     185 |  23.5 |      10 |       2 |  16.7
        D:8 |     204 |     164 |  44.6 |       4 |       3 |  42.9
            +---------+---------+-------+---------+---------+-------
